 Dungeon Crawl Stone Soup version 0.26.0-10-g1f06aea511 (webtiles) character file.

Game seed: 3438877335476966412

39 ythm the Chopper (level 3, -17/43 HPs)
             Began as a Human Berserker on Jan 13, 2021.
             Was a Believer of Trog.
             Demolished by Sigmund
             ... wielding a +0 scythe
              (19 damage)
             ... on level 3 of the Dungeon.
             The game lasted 00:02:05 (1757 turns).

ythm the Chopper (Human Berserker)                  Turns: 1757, Time: 00:02:05

Health: -17/43     AC:  6    Str: 18    XL:     3   Next: 67%
Magic:  3/3        EV: 11    Int:  7    God:    Trog [**....]
Gold:   159        SH:  0    Dex: 12    Spells: 2/2 levels left

rFire    . . .     SeeInvis .   a - +0 hand axe
rCold    . . .     Faith    .   f - +0 buckler
rNeg     . . .     Spirit   .   l - +3 leather armour
rPois    .         Reflect  .   (no helmet)
rElec    .         Harm     .   (no cloak)
rCorr    .         Rampage  .   (no gloves)
Will     .....                  (no boots)
Stlth    ..........             (no amulet)
HPRegen  0.14/turn              (no ring)
MPRegen  0.08/turn              (no ring)

@: confused, berserking (expiring), very quick
A: no striking features
a: Renounce Religion, Berserk, Trog's Hand


You were on level 3 of the Dungeon.
You worshipped Trog.
Trog was pleased with you.
You visited 1 branch of the dungeon, and saw 3 of its levels.

You collected 159 gold pieces.

Inventory:

Hand Weapons
 a - a +0 hand axe (weapon)
 b - a +2 short sword of freezing
Armour
 f - a +0 buckler (worn)
 l - a +3 leather armour (worn)
Jewellery
 m - an uncursed ring of resist corrosion {unknown}
Scrolls
 d - 2 scrolls of teleportation {unknown}
 e - 3 scrolls of identify {unknown}
 i - a scroll of remove curse {unknown}
 j - 2 scrolls of blinking {unknown}
 k - a scroll of random uselessness {unknown}
Potions
 c - a potion of berserk rage {unknown}
 g - 2 potions of magic {unknown}
 h - a potion of mutation {unknown}


   Skills:
 - Level 3.0 Fighting
 * Level 4.2 Axes
 - Level 2.0 Armour
 - Level 2.0 Dodging
 + Level 1.0 Shields


You had 2 spell levels left.
You didn't know any spells.
Your spell library was empty.

Dungeon Overview and Level Annotations

Branches:
Dungeon (3/15)

Altars:
Ru
Wu Jian

Annotations:
D:3 Sigmund


Message History

You barely miss something. Something hits you.
* * * LOW HITPOINT WARNING * * *
Unknown command.
You hit something.
Unknown command.
You miss something.
You hear some strange, mumbled words.
You are confused.
Unknown command.
Unknown command.
Your shield and leather armour prevent you from hitting something.
Unknown command.
Something hits you but does no damage.
Unknown command.
You feel a strong urge to attack something.
Unknown command.
Unknown command.
Unknown command.
Something hits you!!
You die...

...#
....########...
........#[. ..
#..#.$...##.##
...#...#...
..###.....#.#
....#...{...#
#...#..@....# .#
.<.####...####.#
#...#.......#..#
#...#...#...#..##
##..###≈#≈###...#
##.....#.....#
#...._#.....#
#...#####...#
#.....#.....#


There were no monsters in sight!

Vanquished Creatures
  A worm (D:2)
  5 bats
  5 goblins
  8 hobgoblins
  A quokka (D:3)
  A ball python (D:2)
  A frilled lizard (D:2)
  4 kobolds
  8 rats
34 creatures vanquished.

Notes
Turn   | Place    | Note
-------+----------+-------------------------------------------
     0 | D:1      | ythm the Human Berserker began the quest for the Orb.
     0 | D:1      | Reached XP level 1. HP: 18/18 MP: 1/1
    59 | D:1      | Reached XP level 2. HP: 15/24 MP: 2/2
   659 | D:1      | Reached XP level 3. HP: 24/29 MP: 3/3
   891 | D:2      | Found an ornate altar of the Wu Jian Council.
   924 | D:2      | Reached skill level 4 in Axes
  1035 | D:2      | Reached ** piety under Trog
  1736 | D:3      | Noticed Sigmund
  1737 | D:3      | Found a sacrificial altar of Ru.
  1747 | D:3      | Reached skill level 1 in Shields
  1751 | D:3      | HP: 1/43 [something (2)]
  1757 | D:3      | Demolished by Sigmund

Illustrated notes

Levels and vault maps discovered:
D:1:      tarquinn_simple_flora_water_b, layout_loops_cross, minivault_27
D:2:      layout_loops_ring, lemuel_doored_altar
D:3:      layout_rooms, hangedman_ru_absence, cheibrodos_sewer_entry_drain,
          uniq_sigmund

Skill      XL: |  1  2  3 |
---------------+----------+-----
Axes           | 4 |  4.2
Shields        | 1 |  1.0
Fighting       | |  3.0
Armour         | |  2.0
Dodging        | |  2.0

Action                   || total
-------------------------++-------
Melee: Hand axe          ||   108
Invok: Berserk           ||     1
 Stab: Sleeping          ||     2
Armor: Animal skin       ||    12
       Leather armour    ||     7
       Ring mail         ||     3
Dodge: Dodged            ||    64
Block: Buckler           ||     6
